 Dungeon Crawl Stone Soup version 0.29.0-4-gdea44cf6ec (webtiles) character file.

Game seed: 14212793854890817813

67 qw the Ruffian (level 4, 0/35 HPs)
             Began as a Ghoul Fire Elementalist on Aug 29, 2022.
             Slain by a goblin
             ... wielding a +0 club
             ... led by Robin
              (1 damage)
             ... on level 2 of the Dungeon.
             The game lasted 00:01:12 (1353 turns).

qw the Ruffian (Ghoul Fire Elementalist)            Turns: 1353, Time: 00:01:12

Health: 0/35       AC:  8    Str: 13    XL:     4   Next: 18%
Magic:  5/5        EV:  5    Int: 10    God:
Gold:   25         SH:  0    Dex:  9    Spells: 5/6 levels left

rFire   . . .      SeeInvis .     - Unarmed
rCold   + . .      Faith    .   (no shield)
rNeg    + + +      Spirit   .   e - +0 chain mail
rPois   inf        Reflect  .   (no helmet)
rElec   .          Harm     .   (no cloak)
rCorr   .          Rampage  .   (no gloves)
Will    .....                   (no boots)
Stlth   ..........              (no amulet)
HPRegen 0.00/turn               (no ring)
MPRegen 0.09/turn               (no ring)

@: inhibited regen
A: claws 1, cold resistance 1, negative energy resistance 3, inhibited
regeneration, torment resistance 2, devour on kill
a: no special abilities


You were on level 2 of the Dungeon.
You visited 1 branch of the dungeon, and saw 2 of its levels.

You collected 25 gold pieces.


Innate Abilities, Weirdness & Mutations

You are immune to poison.
You have sharp fingernails.
Your flesh is cold resistant. (rC+)
You are immune to negative energy. (rN+++)
You do not regenerate when monsters are visible.
You are immune to unholy pain and torment.
You thrive by killing the living.


   Skills:
 - Level 1.2 Fighting
 - Level 1.7 Dodging
 - Level 2.1 Stealth
 + Level 3.7 Unarmed Combat
 - Level 1.7 Spellcasting
 - Level 0.7 Conjurations
 - Level 2.4 Fire Magic


You had 5 spell levels left.
You knew the following spells:

 Your Spells              Type           Power      Damage    Failure   Level
a - Foxfire               Conj/Fire      16%        2x1d4     99%         1

Your spell library contained the following spells:

 Spells                   Type           Power      Damage    Failure   Level
 Scorch                   Fire           10%        2d5       100%        2
 Conjure Flame            Conj/Fire      4%         6-21      100%        3
 Inner Flame              Hex/Fire       3%         N/A       100%        3
 Flame Wave               Conj/Fire      4%         2d5       100%        4

Inventory:

Armour
 a - a +0 pair of gloves
 e - a +0 chain mail (worn)
Scrolls
 b - 2 scrolls of identify {unknown}
Potions
 f - a potion of resistance {unknown}
 g - a potion of attraction {unknown}
 h - a potion of curing {unknown}

Dungeon Overview and Level Annotations

Branches:
Dungeon (2/15)

Altars:

Annotations:
D:2 Robin


Message History

Robin barely misses you.
You closely miss the giant cockroach.
The giant cockroach is severely wounded.
The goblin no longer looks unusually strong. x2
The giant cockroach bites you but does no damage.
Robin roars a battlecry!
The goblins go into a battle-frenzy!
You barely miss the giant cockroach.
The giant cockroach is severely wounded.
The giant cockroach bites you.
You barely miss the giant cockroach.
The giant cockroach is severely wounded.
The giant cockroach bites you but does no damage.
Robin says, "My goblins will feast on your bones."
Robin closely misses you.
You scratch the giant cockroach.
You kill the giant cockroach!
You feel better. The goblin hits you but does no damage.
Robin closely misses you.
You barely miss Robin. The goblin barely misses you.
The goblin completely misses you.
A hobgoblin comes into view.
You scratch Robin.
Robin is lightly wounded.
You scratch Robin but do no damage.
Robin is lightly wounded.
Robin hits you with a +0 club. The goblin hits you with a +0 club.
The goblin hits you but does no damage.
You claw Robin!
Robin is severely wounded.
The goblin hits you but does no damage. The goblin barely misses you.
Robin drinks a potion.
Robin is healed!
You scratch Robin.
Robin is moderately wounded.
Robin hits you but does no damage. The goblin hits you but does no damage.
The goblin hits you with a +0 dagger.
You claw Robin!
Robin is severely wounded.
The goblin hits you with a +0 club.
You die...

##### ##.%.# #..#.# #.##%###
##.##...### ##..#......##
#..##........#####
..##...........g@###
.###..........##gg.###
###..)........#.(....###
###..........##.....g..#####
##...........#...........).##
##.#.......[##..........##.?#
##.###......#...........#..>.#
##...###...##..........##.......
#......###.#...........#.....#...


You could see Robin, a hobgoblin and 2 goblins.

Vanquished Creatures
  4 adders (D:2)
  2 dart slugs (D:1)
  7 endoplasms
  A giant cockroach (D:2)
  2 hobgoblins
  A kobold (D:2)
  2 quokkas
  3 ball pythons
  A frilled lizard (D:1)
  3 goblins (D:2)
  2 rats
28 creatures vanquished.

Notes
Turn   | Place    | Note
-------+----------+-------------------------------------------
     0 | D:1      | qw the Ghoul Fire Elementalist began the quest for the Orb.
     0 | D:1      | Reached XP level 1. HP: 14/14 MP: 2/2
     0 | D:1      | 0 ||| qw: Version: 0.1-a-90-g952f4b7
     0 | D:1      | 0 ||| qw: Game counter: 4219
     0 | D:1      | 0 ||| qw: Always use a shield: true
     0 | D:1      | 0 ||| qw: God list: Okawaru
     0 | D:1      | 0 ||| qw: Allow faded altars: false
     0 | D:1      | 0 ||| qw: Do Orc after D:15 true
     0 | D:1      | 0 ||| qw: Do second Lair branch before Depths: true
     0 | D:1      | 0 ||| qw: Lair rune preference: random
     0 | D:1      | 0 ||| qw: Plans: Normal
     0 | D:1      | 0 ||| PLANNING D:1-11
   168 | D:1      | Reached skill level 1 in Unarmed Combat
   390 | D:1      | 390 ||| Stepping ~*~*~tactically~*~*~ (hiding).
   493 | D:1      | 493 ||| Stepping ~*~*~tactically~*~*~ (hiding).
   505 | D:1      | Reached skill level 1 in Fighting
   505 | D:1      | Reached XP level 2. HP: 20/23 MP: 3/3
  1034 | D:1      | 1034 ||| UPGRADING to +0 scale mail of willpower.
  1044 | D:1      | 1044 ||| DROPPING +0 robe.
  1045 | D:1      | 1045 ||| UPGRADING to +0 chain mail.
  1055 | D:1      | 1055 ||| DROPPING +0 scale mail of willpower.
  1056 | D:1      | 1056 ||| READING scroll labelled OTECSU RAOLU.
  1057 | D:1      | 1057 ||| DROPPING potion of magic.
  1102 | D:2      | Reached skill level 2 in Unarmed Combat
  1116 | D:2      | Reached XP level 3. HP: 27/28 MP: 4/4
  1225 | D:2      | Reached skill level 3 in Unarmed Combat
  1277 | D:2      | Reached XP level 4. HP: 33/35 MP: 5/5
  1303 | D:2      | 1303 ||| Stepping ~*~*~tactically~*~*~ (stealth).
  1319 | D:2      | Noticed Robin
  1320 | D:2      | 1320 ||| Stepping ~*~*~tactically~*~*~ (stealth).
  1322 | D:2      | 1322 ||| Stepping ~*~*~tactically~*~*~ (hiding).
  1323 | D:2      | 1323 ||| Stepping ~*~*~tactically~*~*~ (hiding).
  1325 | D:2      | 1325 ||| Stepping ~*~*~tactically~*~*~ (hiding).
  1326 | D:2      | 1326 ||| Stepping ~*~*~tactically~*~*~ (hiding).
  1327 | D:2      | 1327 ||| Stepping ~*~*~tactically~*~*~ (hiding).
  1331 | D:2      | 1331 ||| Stepping ~*~*~tactically~*~*~ (outnumbered).
  1332 | D:2      | 1332 ||| Stepping ~*~*~tactically~*~*~ (outnumbered).
  1333 | D:2      | 1333 ||| Stepping ~*~*~tactically~*~*~ (outnumbered).
  1334 | D:2      | 1334 ||| Stepping ~*~*~tactically~*~*~ (outnumbered).
  1335 | D:2      | 1335 ||| Stepping ~*~*~tactically~*~*~ (outnumbered).
  1345 | D:2      | HP: 7/35 [giant cockroach (2)]
  1350 | D:2      | HP: 4/35 [goblin/+0 club[Robin] (5)]
  1352 | D:2      | HP: 1/35 [goblin/+0 dagger[Robin] (3)]
  1353 | D:2      | Slain by a goblin

Levels and vault maps discovered:
D:1:      spicycebolla_arrival_xxxplode, layout_loops_ring
D:2:      minmay_skewed_foursquare, layout_rooms,
          hellmonk_ecumenical_altar_pennies_from_heaven, serial_bayou_ford_a,
          uniq_robin

Skill      XL: |  1  2  3 |
---------------+----------+-----
Unarmed Combat | 1 2 3 |  3.7
Fighting       | 1 |  1.2
Dodging        | |  1.7
Stealth        | |  2.1
Spellcasting   | |  1.7
Conjurations   | |  0.7
Fire Magic     | |  2.4

Action                   |  1- 3 |  4- 6 || total
-------------------------+-------+-------++-------
Melee: Unarmed           |    92 |    25 ||   117
       Punch             |     4 |     1 ||     5
  Use: Scroll            |     1 |       ||     1
 Stab: Sleeping          |     1 |       ||     1
Armor: Robe              |     1 |       ||     1
       Chain mail        |    35 |    22 ||    57
Dodge: Dodged            |    24 |     7 ||    31

Table legend:
 A = Non-vault XP
 B = Vault XP
 C = Vault XP percentage of total XP
 D = Non-vault monster count
 E = Vault monster count
 F = Vault count percentage of total count
                 A         B        C        D         E       F
            +---------+---------+-------+---------+---------+-------
      Total |      69 |      28 |  28.9 |      19 |       9 |  32.1
            +---------+---------+-------+---------+---------+-------
        D:1 |      24 |       0 |   0.0 |      12 |       0 |   0.0
        D:2 |      45 |      28 |  38.4 |       7 |       9 |  56.2
            +---------+---------+-------+---------+---------+-------
